Cogmind - Beta 14 @@@ ROGUE MODE // 2024.11.18 @ 14:26:37 Player: sxnwlfkk Result: Destroyed by X-67 Chaingunner with Minigun Performance ------------- Evolutions (3) 1500 Regions Visited (5) 1000 Robots Destroyed (38) 190 Value Destroyed (1239) 1239 Prototype IDs (0) 0 Alien Tech Used (0) 0 Bonus (500) 500 TOTAL SCORE: 4429 Bonus ------- Entered DSFs 500 Cogmind --------- Core Integrity 0/700 Matter 270/300 Energy 145/1500 System Corruption 0% Temperature Cool (0) Movement Core (300) Ox5 Location -7/DSF Parts ------- > --- POWER (2) -------- Hybrid Deuterium Engine Hybrid Deuterium Engine > --- PROPULSION (4) --- (None) > --- UTILITY (5) ------ (None) > --- WEAPON (2) ------- Gatling Laser > --- INVENTORY (5) ---- Light Treads Sensor Array Subdweller Shrapnel Launcher Datajack Peak State ------------ > --- POWER ------------ Nuclear Core > --- PROPULSION ------- Armored Treads Carbon-fiber Leg Carbon-fiber Leg Myomer Leg > --- UTILITY ---------- Heat Sink Sensor Array Scrap Shield > --- WEAPON ----------- Beamcaster Mining Laser > --- INVENTORY -------- Light Ion Engine Improved Ion Engine Battle Rifle Subdweller Shrapnel Launcher Heavy Mace [Rating: 32] Favorites ----------- Power Ion Engine Engine Ion Engine Power Core Nuclear Core Propulsion Light Treads Treads Light Treads Leg Carbon-fiber Leg Utility Sensor Array Device Sensor Array Storage Small Storage Unit Processor Visual Processing Unit Protection Scrap Shield Weapon Medium Laser Energy Gun Medium Laser Ballistic Gun Light Assault Rifle Launcher Grenade Launcher Special Weapon Mining Laser Impact Weapon Heavy Mace Build | -11 -10 -10 -8 -7 -7 ------- Run | Yrd Mat Sub Mat Fac DSF Slots Evolved 6 | . . . 4 2 . Power 1 | . . . . 1 . Propulsion 2 | . . . 2 . . Utility 3 | . . . 2 1 . Weapon . | . . . . . . Parts Attached 53 | 7 2 13 26 . 5 Power 9 | 1 . 2 4 . 2 Engine 7 | 1 . 2 2 . 2 Core 2 | . . . 2 . . Reactor . | . . . . . . Propulsion 14 | 2 . 4 7 . 1 Treads 5 | 2 . . 3 . . Leg 9 | . . 4 4 . 1 Wheel . | . . . . . . Hover . | . . . . . . Flight . | . . . . . . Utility 11 | 2 1 1 7 . . Device 8 | 1 1 . 6 . . Storage 1 | 1 . . . . . Processor 1 | . . . 1 . . Hackware . | . . . . . . Protection 1 | . . 1 . . . Artifact . | . . . . . . Weapon 19 | 2 1 6 8 . 2 Energy Gun 8 | 2 . 2 2 . 2 Energy Cannon . | . . . . . . Ballistic Gun 3 | . 1 1 1 . . Ballistic Cannon . | . . . . . . Launcher 3 | . . 2 1 . . Special Weapon 3 | . . 1 2 . . Impact Weapon 2 | . . . 2 . . Slashing Weapon . | . . . . . . Piercing Weapon . | . . . . . . Special Melee Weapon . | . . . . . . Unidentified Prototypes . | . . . . . . Parts Lost 23 | . 1 5 7 . 10 Power 3 | . . 1 1 . 1 Propulsion 8 | . . 1 4 . 3 Utility 7 | . 1 . 2 . 4 Weapon 5 | . . 3 . . 2 Highest Loss Streak 8 | . 1 5 3 . 8 To Critical Strikes . | . . . . . . Average Slot Usage (%) 89 | . 97 91 87 84 53 Engine 8 | . 14 12 2 7 4 Core 2 | . . . 6 . . Treads 15 | . 28 14 7 7 5 Leg 12 | . . 13 25 23 9 Device 14 | . 11 8 19 23 15 Storage 6 | . 14 8 . . . Processor 1 | . . . 3 7 4 Protection 2 | . . 4 4 . . Energy Gun 11 | . 17 7 8 7 6 Ballistic Gun 6 | . 10 11 2 . . Launcher 1 | . . 6 1 . . Special Weapon 1 | . . 1 3 . . Impact Weapon 1 | . . . 2 7 4 Peak Build Rating 32 | 7 7 22 32 23 23 Average Rating 15 | 5 6 13 25 23 15 On Entrance 13 | . 7 7 22 23 23 Naked Turns 21 | . . . . . 21 Heaviest Build 34 | 15 15 28 34 16 18 Greatest Support 55 | 40 40 40 55 33 33 Greatest Overweight (x) 5 | 1 . . 4 . 5 Average Overweight (x) . | . . . . . . Largest Inventory Capacity 8 | 8 8 8 5 5 5 Average Capacity 6 | 6 8 6 5 5 5 Most Carried 8 | 6 8 8 5 5 5 Average Carried 5 | 1 6 6 4 5 4 Final Capacity 8 | 8 8 5 5 5 5 Final Carried 8 | 5 8 4 5 5 4 Class Distribution -------------------- 63% | Mutant 17% | Scavenger-Mutant 14% | Scavenger-Assassin 4% | Scavenger-Skirmisher Dominant Class ---------------- Mutant | -10/Materials Mutant | -10/Subcaves Scavenger-Mutant | -8/Materials Scavenger-Assassin | -7/Factory Scavenger-Assassin | -7/DSF Resources | -11 -10 -10 -8 -7 -7 ----------- Run | Yrd Mat Sub Mat Fac DSF Matter Collected 1034 | 270 18 172 564 . 10 Remotely . | . . . . . . Salvage Created 1276 | 96 238 193 583 . 166 Parts 78 | 4 13 24 30 . 7 Haulers Intercepted . | . . . . . . Recyclers Shooed . | . . . . . . Parts Field Recycled . | . . . . . . Retrieved Matter . | . . . . . . Parts Self-Destructed 7 | . . 7 . . . Prevented . | . . . . . . Kills | -11 -10 -10 -8 -7 -7 ------- Run | Yrd Mat Sub Mat Fac DSF Combat Hostiles Destroyed 31 | . 7 9 12 . 3 Melee 2 | . . . 2 . . Guns 17 | . 6 3 6 . 2 AOE 10 | . . 6 4 . . Classes Destroyed 10 | 2 3 1 3 . 1 Worker 3 | . 1 . 2 . . Tunneler 1 | 1 . . . . . Recycler 2 | 1 . . 1 . . Watcher 1 | . . . 1 . . Swarmer 8 | . 3 2 2 . 1 Grunt 10 | . 4 . 6 . . Duelist 1 | . . . 1 . . Sentry 3 | . . . 3 . . Specialist 2 | . . . . . 2 Subdweller 7 | . . 7 . . . Best Kill Streak 7 | 2 3 7 4 . 1 Combat Bots Only 7 | . 3 7 4 . 1 Max Kills in Single Turn 3 | 1 1 3 3 . 1 Gunslinging . | . . . . . . Exploded 3 | . . 3 3 . . Melee 1 | . . . 1 . . Uniques/NPCs Destroyed . | . . . . . . Combat | -11 -10 -10 -8 -7 -7 -------- Run | Yrd Mat Sub Mat Fac DSF Hostile Shots Fired 240 | . 46 41 78 . 75 Missed 65 | . 11 17 15 . 22 Damage Taken 3405 | . 422 512 1075 . 1396 Core 1130 | . 134 95 197 . 704 Absorbed by Shields . | . . . . . . Core Remaining (%) 57 | 100 . 8 64 . . Volleys Fired 138 | 5 22 37 65 . 9 Largest 2 | 2 2 2 2 . 1 Hottest 150 | 100 100 150 100 . 80 Shots Fired 190 | 10 44 38 89 . 9 Gun 168 | 10 44 26 79 . 9 Cannon . | . . . . . . Launcher 15 | . . 11 4 . . Special 7 | . . 1 6 . . Kinetic 61 | . 8 9 44 . . Thermal 118 | 10 36 18 45 . 9 Explosive 11 | . . 11 . . . Electromagnetic . | . . . . . . Robot Hit Streak 12 | 4 8 12 8 . 6 Robot Miss Streak 4 | 1 2 2 4 . 2 Penetration Max . | . . . . . . Secondary Targets 2 | . . . 2 . . Max Gunslinging Chain 1 | . . . 1 . . Shots Hit Robots 126 | 7 32 23 55 . 9 Core Hits 68 | 3 12 23 25 . 5 Critical Kills 1 | . . . 1 . . Critical Parts Destroyed . | . . . . . . Critical Strikes 12 | 2 2 2 6 . . Burn 11 | 2 2 2 5 . . Smash 1 | . . . 1 . . Melee Attacks 6 | . . . 4 . 2 Impact 6 | . . . 4 . 2 Slashing . | . . . . . . Piercing . | . . . . . . Sneak Attacks 2 | . . . 1 . 1 Combat Hostiles 1 | . . . . . 1 Follow-up Attacks . | . . . . . . Damage Inflicted 3073 | 88 476 740 1522 . 247 Guns 1709 | 88 376 214 913 . 118 Cannons . | . . . . . . Explosions 998 | . 100 502 396 . . Melee 342 | . . . 213 . 129 Ramming . | . . . . . . Kinetic 912 | . 40 54 818 . . Thermal 1217 | 88 336 184 491 . 118 Explosive 602 | . 100 502 . . . Electromagnetic . | . . . . . . Impact 342 | . . . 213 . 129 Slashing . | . . . . . . Piercing . | . . . . . . Highest Corruption 2 | . . . 2 . . Average Corruption 2 | . . . 2 . . Corruption Purged . | . . . . . . Corruption Blocked . | . . . . . . Effects 8 | . . . 8 . . Message Errors 3 | . . . 3 . . Matter Fused 2 | . . . 2 . . Energy Discharges 1 | . . . 1 . . Data Loss (minor) 2 | . . . 2 . . Overload Shots . | . . . . . . Overflow Damage 152 | . 60 . 74 . 18 Projectiles . | . . . . . . Explosions 62 | . 60 . 2 . . Melee 90 | . . . 72 . 18 Knockbacks . | . . . . . . Impact . | . . . . . . Kinetic . | . . . . . . Secondary . | . . . . . . Self-Inflicted Damage 147 | . . 47 100 . . Shots 5 | . . 2 3 . . Rammed . | . . . . . . Targets Rammed . | . . . . . . Kicked . | . . . . . . Crushed . | . . . . . . Highest Temperature 477 | 117 334 . 477 . . Average Temperature 159 | 51 123 . 200 . . Received Heat Transfer 771 | . 186 72 504 . 9 Effects 17 | . 4 . 13 . . Shutdowns 3 | . . . 3 . . Interference 5 | . 4 . 1 . . Matter Decay 1 | . . . 1 . . Damage (minor) 1 | . . . 1 . . Damage (major) 7 | . . . 7 . . Siege Activations . | . . . . . . Robots Corrupted 1 | . . . . . 1 Combat Hostiles 1 | . . . . . 1 Parts Fried 3 | . . . 1 . 2 Impact Corruptions 5 | . . . 3 . 2 Robots Melted 1 | . 1 . . . . Combat Hostiles 1 | . 1 . . . . Parts Melted 5 | 2 2 . 1 . . Heat Transferred 3763 | 407 1147 679 1295 . 235 Parts Sabotaged . | . . . . . . Parts Stolen . | . . . . . . Parts Stripped . | . . . . . . Power Chain Reactions . | . . . . . . Alert | -11 -10 -10 -8 -7 -7 ------- Run | Yrd Mat Sub Mat Fac DSF Peak Influence 305 | 10 226 . 305 97 112 Initial 97 | . 6 . . 97 67 Average 67 | 5 53 . 86 97 79 Maximum Alert Level 1 | . 1 . 1 . . Low Security (%) 90 | 100 90 . 85 100 100 Level 1 9 | . 9 . 14 . . Level 2 . | . . . . . . Level 3 . | . . . . . . Level 4 . | . . . . . . Level 5 . | . . . . . . High Security . | . . . . . . Max Security . | . . . . . . Squads Dispatched 3 | . . . 1 . 2 Investigation . | . . . . . . Extermination . | . . . . . . Reinforcement 3 | . . . 1 . 2 Assault . | . . . . . . Garrison . | . . . . . . Intercept . | . . . . . . Searches Triggered . | . . . . . . Construction Impeded . | . . . . . . Haulers Reinforced . | . . . . . . Active Scanning Responses . | . . . . . . Cargo Convoy Interrupts . | . . . . . . Stealth | -11 -10 -10 -8 -7 -7 --------- Run | Yrd Mat Sub Mat Fac DSF Distress Signals 1 | . . . 1 . . Communications Jammed . | . . . . . . Distress Signals . | . . . . . . Times Spotted 51 | . 8 17 16 . 10 Peak Tracking Total 8 | . 3 8 6 . 5 Tactical Retreats 7 | . . 3 1 . 3 Traps | -11 -10 -10 -8 -7 -7 ------- Run | Yrd Mat Sub Mat Fac DSF Traps Triggered 1 | . . . 1 . . Indirectly . | . . . . . . Trap Hack Attempts . | . . . . . . Triggered . | . . . . . . Disarmed . | . . . . . . Reprogrammed . | . . . . . . Reused 4 | . . . . . 4 Traps Extracted . | . . . . . . Installed 5 | . . . . . 5 Triggered 4 | . . . . . 4 Machines | -11 -10 -10 -8 -7 -7 ---------- Run | Yrd Mat Sub Mat Fac DSF Machines Disabled 6 | . 3 . 3 . . Max in Single Turn 3 | . 3 . 1 . . Machines Repaired . | . . . . . . Machines Dismantled . | . . . . . . Machines Sabotaged . | . . . . . . Overloaded Fab Kills . | . . . . . . Hacking | -11 -10 -10 -8 -7 -7 --------- Run | Yrd Mat Sub Mat Fac DSF Machines Accessed 3 | . . . 2 1 . Terminals 3 | . . . 2 1 . Fabricators . | . . . . . . Repair Stations . | . . . . . . Recycling Units . | . . . . . . Scanalyzers . | . . . . . . Garrison Access . | . . . . . . Total Hacks 9 | . . . 6 3 . Successful 5 | . . . 4 1 . Failed 4 | . . . 2 2 . Catastrophic . | . . . . . . Database Lockouts . | . . . . . . Manual 1 | . . . 1 . . Terminals 9 | . . . 6 3 . Fabricators . | . . . . . . Repair Stations . | . . . . . . Recycling Units . | . . . . . . Scanalyzers . | . . . . . . Garrison Access . | . . . . . . Terminal Hacks 4 | . . . 3 1 . Open DSF 1 | . . . . 1 . Alert Level 1 | . . . 1 . . Locate Traps 1 | . . . 1 . . Zone Layout 1 | . . . 1 . . Fabricator Hacks . | . . . . . . Repair Station Hacks . | . . . . . . Recycling Unit Hacks . | . . . . . . Scanalyzer . | . . . . . . Garrison Access Hacks . | . . . . . . Unauthorized Hacks 1 | . . . 1 . . Terminals 1 | . . . 1 . . Botnet 1 | . . . 1 . . Fabricators . | . . . . . . Repair Stations . | . . . . . . Recycling Units . | . . . . . . Scanalyzers . | . . . . . . Garrison Access . | . . . . . . Data Cores Recovered . | . . . . . . Used . | . . . . . . Hacking Detections 2 | . . . 1 1 . Full Trace Events 1 | . . . 1 . . Feedback Events . | . . . . . . Feedback Blocked . | . . . . . . Robot Schematics Acquired . | . . . . . . Robots Built . | . . . . . . Authchips . | . . . . . . Time . | . . . . . . Total Robot Build Rating . | . . . . . . Part Schematics Acquired . | . . . . . . Parts Built . | . . . . . . Authchips . | . . . . . . Time . | . . . . . . Total Part Build Rating . | . . . . . . Parts Repaired . | . . . . . . Time . | . . . . . . Parts Recycled . | . . . . . . Recycled Matter . | . . . . . . Retrieved Matter . | . . . . . . Retrieved Components . | . . . . . . Parts Scanalyzed . | . . . . . . Part Schematics Acquired . | . . . . . . Parts Damaged . | . . . . . . Bothacking | -11 -10 -10 -8 -7 -7 ------------ Run | Yrd Mat Sub Mat Fac DSF Used RIF Installer . | . . . . . . Robots Hacked . | . . . . . . Non-combat . | . . . . . . Combat . | . . . . . . Robot Hacks Applied . | . . . . . . Relay Couplers Released . | . . . . . . Fabnet Peak Effective % . | . . . . . . Robots Rewired . | . . . . . . Allies Hacked . | . . . . . . Hacks Repelled . | . . . . . . Allies | -11 -10 -10 -8 -7 -7 -------- Run | Yrd Mat Sub Mat Fac DSF Total Allies . | . . . . . . Largest Group . | . . . . . . Highest-Rated Group . | . . . . . . Highest-Rated Ally . | . . . . . . Total Orders . | . . . . . . Ally Attacks . | . . . . . . Total Damage . | . . . . . . Kills . | . . . . . . Allies Corrupted . | . . . . . . Allies Melted . | . . . . . . Intel | -11 -10 -10 -8 -7 -7 ------- Run | Yrd Mat Sub Mat Fac DSF Robot Analysis Total . | . . . . . . Derelict Logs Recovered . | . . . . . . Drone Launches . | . . . . . . Drone Recoveries . | . . . . . . Exploration | -11 -10 -10 -8 -7 -7 ------------- Run | Yrd Mat Sub Mat Fac DSF Turns Passed 2755 | 135 919 536 966 24 175 Spaces Moved 1280 | 67 222 313 535 21 122 Core 47 | 4 . . 3 . 40 Treads 438 | 63 222 137 16 . . Legs 795 | . . 176 516 21 82 Wheels . | . . . . . . Hover . | . . . . . . Flight . | . . . . . . Fastest Speed 50 | 50 160 120 120 120 50 Average Speed 132 | 154 160 137 122 120 105 Slowest Speed 300 | 160 160 160 250 120 300 Overloaded Moves . | . . . . . . Propulsion Burnouts . | . . . . . . Robots Hopped . | . . . . . . Cave-ins Triggered . | . . . . . . Exploration Rate (%) 26 | 5 39 28 39 1 47 Regions Visited 5 Branch Regions 1 Pre-discovered Areas . | . . . . . . Known Exits Taken 1 | . . . . 1 . Unknown Exits Taken 4 | 1 1 1 1 . . Scrap Searched . | . . . . . . Spaces Dug 6 | . . . 6 . . Terrain Destroyed 139 | . 9 63 67 . . Melee . | . . . . . . Projectile 6 | . . . 6 . . AOE 133 | . 9 63 61 . . Terrain Rammed . | . . . . . . Walls Destroyed . | . . . . . . Machines Disabled . | . . . . . . Actions | -11 -10 -10 -8 -7 -7 --------- Run | Yrd Mat Sub Mat Fac DSF Total 2123 | 86 743 382 736 20 156 Wait 597 | 1 495 1 99 . 1 Move 1275 | 66 221 312 534 20 122 Hop . | . . . . . . Pick Up 24 | 6 3 7 3 . 5 Fast Attach 27 | 7 1 4 10 . 5 Attach 10 | . . 5 5 . . Detach 2 | . . 2 . . . Swap 16 | . 1 4 11 . . Drop 23 | 1 . 10 5 . 7 Fire 138 | 5 22 37 65 . 9 Melee 6 | . . . 4 . 2 Ram . | . . . . . . Kick . | . . . . . . Crush . | . . . . . . Escape Stasis . | . . . . . . Rewire . | . . . . . . Trap 5 | . . . . . 5 Miscellaneous . | . . . . . . Route ------- -11/Scrapyard -10/Materials (discovered 2 exits: [*Min] / [*Sub]) -10/Subcaves (discovered 2 exits: *Mat / [*Rec]) -8/Materials -7/Factory -7/DSF History --------- Turn | Location | Event 16 | -11/Scrapyard | Discovered new exit (range 16) 136 | -11/Scrapyard | Entered Materials 308 | -10/Materials | Build established: Mutant 478 | -10/Materials | Core integrity fell below 50% 575 | -10/Materials | Discovered new exit (range 10) 1024 | -10/Materials | Discovered new exit (range 9) 1055 | -10/Materials | Entered Subcaves 1082 | -10/Subcaves | Discovered new exit (range 10) 1277 | -10/Subcaves | Ambushed by swarm of Subdwellers 1311 | -10/Subcaves | Core integrity fell below 20% 1314 | -10/Subcaves | Ambushed by Subdweller buried in earth 1331 | -10/Subcaves | Lost 4 allies 1343 | -10/Subcaves | Destroyed 7 combat bots 1350 | -10/Subcaves | Lost 5 parts (1p1n3w) 1468 | -10/Subcaves | Shifting Twisted Machinery released Sub. Shrapnel Launcher 1569 | -10/Subcaves | Shifting Twisted Machinery released Battle Cannon 1573 | -10/Subcaves | Shifting Twisted Machinery released Sub. Beam Cannon 1575 | -10/Subcaves | Discovered new exit (range 10) 1591 | -10/Subcaves | Entered Materials 1591 | -8/Materials | Evolved 4 slots: Propulsion x2, Utility x2 1888 | -8/Materials | Build established: Scavenger-Mutant 2083 | -8/Materials | Lost 3 parts (1n2u) 2535 | -8/Materials | Discovered new exit (range 15) 2557 | -8/Materials | Entered Factory 2557 | -7/Factory | Evolved 2 slots: Power x1, Utility x1 2580 | -7/Factory | Identified exit to DSF 2581 | -7/Factory | Entered DSF 2617 | -7/DSF | Additional patrols routed to DSF 2717 | -7/DSF | Core integrity fell below 50% 2738 | -7/DSF | Core integrity fell below 20% 2750 | -7/DSF | Lost 8 parts (1p2n3u2w) 2756 | -7/DSF | Destroyed by X-67 Chaingunner with Minigun Last Messages --------------- 02719_ Hvy. Laser destroyed. 02726_ S-27 Virus triggered Fire Trap. 02726_ Burning plasma bursts from the floor. 02727_ S-27 Virus overheating. 02729_ Acquired Fire Trap. 02731_ Dropped Fire Trap. 02731_ Installed Fire Trap. 02731_ S-27 Virus overheating. 02732_ S-27 Virus heat spikes uncontrollably. 02732_ S-27 Virus overheating. 02733_ S-27 Virus heat short circuits VTOL Module. 02734_ Acquired Fire Trap. 02735_ Dropped Fire Trap. 02736_ Installed Fire Trap. 02740_ Acquired Gatling Laser. 02742_ S-27 Virus destroyed. 02746_ Acquired Hyb. Deuterium Engine. 02751_ S-27 Virus triggered Fire Trap. 02751_ Burning plasma bursts from the floor. 02751_ S-27 Virus destroyed. Map ----- +----------------------------------------------------+ | | | | | | | | | | | | | | | | | | | | | | | | | | | | | | | | | ???????????????????????????#????????????#?????? | | ??????????????????????????????????????????????? | | ???????????????????????????????#?????#????????? | | ???????????#???????????????????##?###?????????? | | ?????????????????#????????##?#?#??#""????????#? | | ??????????????#???????###????????##"#?????????? | | ?????????????????######;##???????##"####???#??? | | ????????????#????# [[[**#########"""""#??????? | | ?????????????#???# [[ # #&&##"""""#??????? | | ?????????????????# %% @ x % ""##"#???? | | ?????????????????# ^ %= % """""#???? | | ?????????????????### ### &=#& ##% ""####???# | | ???????????????????# #?#&&&#&&### ###?#????? | | ?????????????????? ?########## ##???????? | | ?????????????????# ????????#&& &#???????? | | ?????????????????# ????? ?#&& &#?#????## | | ?????????????????### ##???? ??### ##???????? | | ???????????????????] !????? ??#&& &#?#??#??? | | ??????????????????]] !????????#&& &#???#???? | | ??????????????????]] !???#?#??#& [ #???????# | | ?????????????????### #?########## ###??????? | | ??????????????????## #?#!!!# ##^%[[#??##??? | | ??????????????!!!## ##!!!" ## %[[#??????? | | ?????????????? "[! %% =[#??????? | | ????????????? H "%%[ %[[#?#????? | | ??????????????? !=!^ %[[#??#???? | | ??????????????????# ##!!!"/ %## %%#??????? | | ??????????????????## ??#!!!# ## %%#?#????? | | ?????????????????????????###############?????#? | | ????????????????????????????????#?????????##??? | | ?????????????????????????????????????????#?#??? | | ??????????????????????? ????????????????????#?? | | ??????????????????????????????????????????????? | | ??????????????????????????????????????????????? | +----------------------------------------------------+ Best States ------------- Heat Dissipation 48 Energy Generation 14 Energy Capacity 800 Matter Stores 300 Matter Capacity 300 Sight Range 18 Robot Scan Range 15 Terrain Scan Range 14 Terrain Scan Density 10 Armor Coverage 800 Evasion (%) 55 Recoil Reduction 2 Item Schematics ----------------- None Robot Schematics ------------------ None Fabricated ------------ Nothing Alien Tech Used ----------------- None Achievements -------------- Close Call Challenges ------------ None Game ------ Seed SpliceHackingFlakker Manual? 0 Play Time 01:17:20 Cumulative 15.7 hours Start 2024.11.18 @ 08:45:53 End 2024.11.18 @ 14:26:37 Sessions 3 Manual Loads 0 Difficulty Rogue Special Mode None Game No. 23 Rogue 13 Adventurer 10 Explorer 0 Win Type - Total 0 Types 0/0/0/0/0/0/0/0/0 Lore% 10 Gallery% 16 Achievement% 16 Wizard Run 0 Options --------- Layout 2 ASCII 0 Keyboard 0 Movement Mouse Keybinds 0 Fullscreen 1 Font 16/SmallcapsGlow Map View 55x47 Zoom Use 40% Tactical HUD 1 Map Filters NONE Filters LOW_CONTRAST(13,24,33) Steam 1 RUN: a3d0e3e9-51c9-4374-ae8a-dba4e52bfbb9